 Dungeon Crawl Stone Soup version 0.18.1-8-gdd0e5ea (webtiles) character file.

142067 Liquid the Fighter (level 16, -6/161 HPs)
             Began as a Yellow Draconian Wanderer on June 2, 2016.
             Was an Elder of Kikubaaqudgha.
             Mangled by an Executioner (12 damage)
             ... on level 2 of the Abyss on June 3, 2016.
             The game lasted 02:34:28 (29098 turns).

Liquid the Fighter (Yellow Draconian Wanderer)     Turns: 29098, Time: 02:34:30

Health: -6/161     AC: 20    Str: 17    XL:     16   Next: 79%
Magic:  10/10      EV: 30    Int: 16    God:    Kikubaaqudgha [****..]
Gold:   1129       SH:  7    Dex: 21    Spells: 7 memorised, 2 levels left

rFire  + + +     SeeInvis .     M - +10 broad axe of Utsoc {antimagic, rElec rN+ Str+6}
rCold  . . .     Gourm    .     (armour unavailable)
rNeg   + . .     Faith    .     x - +1 buckler {rF+}
rPois  .         Spirit   .     y - +2 hat {rC+}
rElec  +         Dismiss  .     P - +0 cloak {rF+}
rCorr  +         Reflect  .     b - +1 pair of gloves of Oblivion {rC- Regen+ Int+2}
SustAt .         Harm     .     o - +0 pair of boots
MR     ++...                    t - amulet of regeneration
Stlth  +.........               l - ring of wizardry
                                L - +5 ring of protection

@: agile, about to teleport, contaminated, glowing, very resistant to hostile
enchantments, very unstealthy
A: spit acid, acid resistance, unfitting armour, agile 1, dopey 2, fire
resistance 1, magic resistance 1, regeneration 1, robust 1, weak 1, acidic bite,
cold-blooded, AC +9
a: Spit Acid, Receive Corpses, Renounce Religion


You were on level 2 of the Abyss.
You worshipped Kikubaaqudgha.
Kikubaaqudgha was greatly pleased with you.
You were not hungry.

You visited 4 branches of the dungeon, and saw 27 of its levels.
You visited the Abyss 2 times.
You also visited: Ossuary, Ice Cave and Volcano.

You collected 3583 gold pieces.
You spent 1721 gold pieces at shops.

Inventory:

Hand Weapons
 h - a +2 halberd of flaming
 E - a +2 trident of distortion
 M - the +10 broad axe of Utsoc (weapon) {antimagic, rElec rN+ Str+6}
   (You took it off an orc priest on level 6 of the Dungeon)

   It disrupts the flow of magical energy around spellcasters and certain
   magical creatures (including the wielder).
   It affects your strength (+6).
   It insulates you from electricity.
   It protects you from negative energy.
Armour
 b - the +1 pair of gloves of Oblivion (worn) {rC- Regen+ Int+2}
   (You acquired it on level 11 of the Dungeon)

   It affects your intelligence (+2).
   It makes you vulnerable to cold.
   It increases your rate of regeneration.
 o - a +0 pair of boots (worn)
 x - a +1 buckler of fire resistance (worn)
 y - a +2 hat of cold resistance (worn)
 P - a +0 cloak of fire resistance (worn)
Rods
 v - a +8 rod of clouds (10/10)
   (You bought it in a shop on level 2 of the Orcish Mines)
 R - a +0 lightning rod (9/9)
   (You found it on level 13 of the Dungeon)
Jewellery
 d - an uncursed ring of protection from cold
 i - an uncursed ring of protection from fire
 j - a +2 ring of intelligence
 l - a ring of wizardry (right hand)
 n - an uncursed ring of sustain attributes
 t - an amulet of regeneration (around neck)
 D - an uncursed ring of positive energy
 L - a +5 ring of protection (left hand)
 W - an uncursed ring of see invisible
 Y - an uncursed ring of flight
Wands
 r - a wand of teleportation (2/9)
 s - a wand of teleportation (1/9)
 F - a wand of digging (5/24)
 N - a wand of confusion (33/48)
Scrolls
 e - 12 scrolls of enchant armour
 g - 10 scrolls of teleportation
 q - 4 scrolls of fear
 u - 12 scrolls of remove curse
 B - a scroll of magic mapping
 H - 2 scrolls of silence
 O - 5 scrolls of identify
 S - a scroll of amnesia
Potions
 a - 9 potions of brilliance
 c - a potion of curing
 m - a potion of invisibility
 p - 5 potions of flight
 z - 3 potions of cure mutation
 J - 4 potions of lignification
 Q - a potion of berserk rage
 U - 3 potions of resistance
Books
 A - Kikubaaqudgha's Catalogue of Black Rites
   (Kikubaaqudgha gifted it to you on level 2 of the Orcish Mines)

   Spells                             Type                      Level
   a - Bolt of Draining               Conjuration/Necromancy       5
   b - Agony                          Necromancy                   5
   c - Cigotuvi's Embrace             Necromancy                   5
   d - Dispel Undead                  Necromancy                   5
   e - Death Channel                  Necromancy                   6
 G - a Necronomicon

   Spells                             Type                      Level
   a - Haunt                          Necromancy/Summoning         7
   b - Borgnjor's Revivification      Necromancy                   8
   c - Death's Door                   Charms/Necromancy            8
   d - Necromutation                  Transmutation/Necromancy     8
Comestibles
 f - 8 bread rations
 k - 8 meat rations
 C - 15 fruits


   Skills:
 + Level 14.8 Fighting
 - Level 1.9(9.4) Axes
 - Level 13.8(14.0) Polearms
   Level 2.0(9.4) Staves
 - Level 1.0 Throwing
 + Level 13.3 Dodging
 - Level 5.1 Shields
 + Level 10.2 Spellcasting
 + Level 8.6 Necromancy
 + Level 5.0 Ice Magic
 - Level 6.0 Air Magic
   Level 10.4 Invocations
 - Level 1.0 Evocations


You had 2 spell levels left.
You knew the following spells:

 Your Spells              Type           Power        Failure   Level  Hunger
a - Necromutation         Trmt/Necr      ###.......   100%        8    #######
b - Mephitic Cloud        Conj/Pois/Air  ##......     4%          3    None
c - Sublimation of Blood  Necr           #####.....   1%          2    None
d - Simulacrum            Ice/Necr       ####......   54%         6    ######.
e - Control Undead        Necr           #####.....   1%          4    ###....
f - Ozocubu's Armour      Chrm/Ice       ###.....     4%          3    None
g - Haunt                 Necr/Summ      ###.......   100%        7    #######


Dungeon Overview and Level Annotations

Branches:
Dungeon (15/15)            Temple (0/1) D:6            Lair (8/8) D:10
 Shoals (0/4) Lair:4        Snake (0/4) Lair:6        Slime (0/6) Lair:8
    Orc (2/2) D:10            Elf (2/3) Orc:2        Vaults (0/5) D:14
 Depths (0/5) D:15

Altars:
Cheibriados
Dithmenos
Elyvilon
Fedhas
Kikubaaqudgha
Makhleb
Nemelex Xobeh
Pakellas
Qazlal
Ru
Sif Muna
Trog
Xom
Zin
Lugonu

Shops:
D:4 (   D:8 %   D:10 (   D:12 %   D:13 }   Orc:1 }   Orc:2 }%[[   Elf:2 %

Portals:
Hell: Lair:8
Trove: D:10 (give 16 scrolls of teleportation)

Annotations:
Orc:2 Saint Roka


Innate Abilities, Weirdness & Mutations

You can spit globs of acid.
You are resistant to acid.
Your golden yellow scales are hard (AC +9).
Your body does not fit into most forms of armour.
You have acidic saliva.
You are cold-blooded and may be slowed by cold attacks.
You are agile. (Dex +2)
You are very dopey. (Int -4)
Your flesh is heat resistant.
You are resistant to hostile enchantments.
Your natural rate of healing is unusually fast.
You are robust (+10% HP).
You are weak. (Str -2)


Message History

The thrashing horror barely misses you. x2
The thrashing horror roars!
The thrashing horror completely misses you.
The thrashing horror closely misses you.
The Executioner hits you!!
* * * LOW HITPOINT WARNING * * *
The Executioner hits you.
* * * LOW HITPOINT WARNING * * *
The Executioner completely misses you. The Executioner hits you.
* * * LOW HITPOINT WARNING * * *
The Executioner completely misses you. x2
Drink which item? (? for menu, Esc to quit)
Okay, then.
Read which item? (? for menu, Esc to quit)
As you read the scroll of fear, it crumbles to dust.
You assume a fearsome visage.
The Executioner is unaffected.
The large abomination is unaffected.
The thrashing horror is unaffected.
The Executioner hits you!
You die...
Kikubaaqudgha rasps: "You have failed me!
Welcome... death!"

### #
##.########
.#
#..X.##...##
##.#.....#.
. #
#..1@.X#ยง##
.#.#
#.####.# .##
#.#.## #..
#.##.#..#
....# #...#
# ....... #
... ##.#
.#1#.......
.#.#
###.#X#...#
... #### #
.##.#.## ..
..#.X#..# .
. ..#..#.# #
.## #


You could see an Executioner, a thrashing horror and a large abomination.

Vanquished Creatures
  Rupert (Lair:4)
  Gastronok (Lair:3)
  A tentacled starspawn (Abyss:2)
  Kirke (Lair:7)
  Donald (Orc:1)
  The ghost of bl4d3 the Warrior, a journeyman GrFi of the Shining One (Lair:8)
  Nessos (Orc:2)
  A lorocyproca (Abyss:2)
  An ettin (Orc:1)
  A vault guard (D:14)
  7 hydras
  A yaktaur captain (D:15)
  An anaconda (Lair:7)
  6 centaur warriors
  11 death yaks
  3 dancing weapons (Elf:1)
  4 thrashing horrors
  Sonja (Lair:1)
  3 orc high priests (Orc:2)
  A hell knight (Volcano)
  4 wretched stars
  5 deep elf knights
  2 skeletal warriors
  Nergalle (Lair:1)
  A giant orange brain (Abyss:2)
  A death drake (Abyss:2)
  12 unseen horrors
  A statue (Volcano)
  3 deep elf archers
  7 orc knights
  A lindwurm (Lair:5)
  3 ugly things
  A necromancer (IceCv)
  10 hill giants
  3 wizards
  7 cyclopes
  4 orc sorcerers
  12 deep elf magi
  2 oklob plants (Lair:6)
  A worldbinder (Abyss:2)
  A manticore (D:12)
  2 griffons
  A toenail golem (Volcano)
  Psyche (D:9)
  An eye of devastation (Abyss:2)
  27 black mambas
  11 elephants
  2 ice statues
  2 gargoyles
  A smoke demon (Lair:8)
  A centaur skeleton (D:14)
  5 orange demons
  12 spiny frogs
  12 freezing wraiths
  2 rime drakes
  4 komodo dragons
  A yaktaur (D:15)
  3 ancient zymes
  A kobold demonologist (D:14)
  5 trolls
  4 ice devils
  A hellwing (Lair:8)
  2 red devils (Lair:8)
  2 polar bears (Lair:1)
  A yellow draconian skeleton (Abyss:2)
  Grinder (D:5)
  A boulder beetle (Lair:8)
  2 two-headed ogres
  13 slime creatures
  13 blink frogs
  3 shadows
  A vampire (D:13)
  38 yaks
  17 starcursed masses
  Sigmund (D:5)
  A wraith (D:11)
  The ghost of Liquid the Skirmisher, an amateur DrWn (Ossuary)
  2 fire bats (Volcano)
  4 hogs (Lair:7)
  A wyvern (D:8)
  A death yak simulacrum (IceCv)
  2 vampire mosquitoes (D:12)
  5 hippogriffs
  4 hungry ghosts
  Eustachio (D:5)
  A neqoxec (Abyss:2)
  20 humans (D:14)
  9 large abominations
  2 fire elementals (Volcano)
  Edmund (D:5)
  4 basilisks
  9 swamp worms (D:14)
  Menkaure (D:5)
  A mottled dragon (D:13)
  18 wargs
  23 water moccasins
  3 hell hounds
  10 porcupines
  A swamp drake (D:10)
  12 ice beasts
  7 small abominations
  4 phantoms
  A sky beast (D:7)
  An eye of draining (D:12)
  33 orc warriors
  16 ogres
  6 wolves
  12 centaurs
  4 big kobolds
  15 crocodiles
  Blork the orc (D:4)
  21 giant frogs
  An earth elemental (Elf:2)
  A wyvern zombie (D:12)
  4 scorpions
  A wyvern skeleton (D:9)
  A swamp dragon simulacrum (IceCv)
  An elephant simulacrum (IceCv)
  11 killer bees
  3 electric eels
  A vampire bat (Lair:6)
  6 howler monkeys
  2 lava snakes (Volcano)
  11 crimson imps
  4 centaur zombies
  7 hounds
  2 quasits
  An iron imp (Abyss:2)
  3 draconian simulacra (IceCv)
  4 giant frog skeletons
  21 orc priests
  Crazy Yiuf (D:5)
  5 jellies
  13 worker ants
  10 iguanas
  31 orc wizards
  7 hell rats
  2 spriggan simulacra (IceCv)
  3 troll simulacra (IceCv)
  A polar bear simulacrum (IceCv)
  A killer bee zombie (D:7)
  15 sheep
  5 centaur simulacra (IceCv)
  A hound zombie (Ossuary)
  5 hound skeletons
  4 mummies (Ossuary)
  Robin (D:2)
  14 adders
  7 gnolls
  4 naga simulacra (IceCv)
  3 ogre simulacra (IceCv)
  57 river rats
  4 shadow imps
  12 white imps (IceCv)
  An ufetubus (Abyss:2)
  An ooze (shapeshifter) (Elf:1)
  2 oozes (Lair:8)
  3 adder skeletons
  13 worms
  2 dart slugs
  8 giant geckos
  125 orcs
  9 bats
  A bat zombie (D:3)
  4 giant cockroaches
  19 goblins
  7 hobgoblins
  10 jackals
  5 quokkas
  3 ball pythons
  3 giant newts
  2 gnoll zombies (Ossuary)
  2 goblin zombies (Ossuary)
  A hobgoblin zombie (Ossuary)
  A jackal zombie (Ossuary)
  24 kobolds
  2 kobold zombies (Ossuary)
  An orc zombie (Ossuary)
  14 rats
  2 rat zombies (Ossuary)
  A bush (D:3)
  5 fungi
  3 plants
1147 creatures vanquished.

Vanquished Creatures (collateral kills)
  2 skeletal warriors (D:14)
  A gargoyle (D:13)
  A polar bear (shapeshifter) (D:14)
4 creatures vanquished.

Vanquished Creatures (others)
  A dire elephant (Lair:8)
  A death yak (Lair:8)
  An infernal demonspawn (D:14)
  A yak (Lair:8)
  An orc (D:10)
  11 fungi
  6 plants
  11 starspawn tentacles (Abyss:2)
  251 starspawn tentacle segments (Abyss:2)
284 creatures vanquished.

Grand Total: 1435 creatures vanquished

Notes
Turn   | Place    | Note
--------------------------------------------------------------
     0 | D:1      | Liquid the Draconian Wanderer began the quest for the Orb.
     0 | D:1      | Liquid set off with: a curare-tipped needle, a +2 blowgun, a potion of curing, a +0 quarterstaff, a bread ration
     0 | D:1      | Reached XP level 1. HP: 17/17 MP: 1/1
   202 | D:1      | Reached XP level 2. HP: 18/25 MP: 2/2
   654 | D:2      | Reached XP level 3. HP: 28/30 MP: 3/3
   689 | D:2      | Reached skill level 3 in Fighting
   709 | D:2      | Found a bloodstained altar of Trog.
   713 | D:2      | Noticed Robin
   828 | D:2      | Found a burning altar of Makhleb.
   991 | D:2      | Reached XP level 4. HP: 38/38 MP: 4/4
   998 | D:2      | Killed Robin
  1234 | D:2      | Found a faded altar to an unknown god.
  1257 | D:2      | Became a worshipper of Lugonu the Unformed
  1257 | D:2      | Reached * piety under Lugonu
  1257 | D:2      | Reached ** piety under Lugonu
  1284 | D:2      | Found an oddly glowing altar of Pakellas.
  1355 | D:2      | Found a shadowy altar of Dithmenos.
  1648 | D:3      | Found an ancient bone altar of Kikubaaqudgha.
  1726 | D:3      | Found a shimmering altar of Xom.
  1760 | D:3      | Reached XP level 5. HP: 43/46 MP: 5/5
  1763 | D:3      | Reached skill level 1 in Polearms
  1763 | D:3      | Reached skill level 1 in Invocations
  2059 | D:3      | Reached skill level 4 in Fighting
  2098 | D:3      | Reached XP level 6. HP: 44/52 MP: 7/7
  2692 | D:4      | Noticed Blork the orc
  2702 | D:4      | Killed Blork the orc
  2719 | D:4      | Found Pynytzaf's Antique Weapon Boutique.
  2726 | D:4      | Reached *** piety under Lugonu
  3147 | D:4      | Your scales start taking on a golden yellow colour.
  3147 | D:4      | Reached XP level 7. HP: 60/60 MP: 8/8
  3164 | D:4      | Found a sand-covered staircase.
  3168 | Ossuary  | Entered an ossuary
  3189 | Ossuary  | Noticed Liquid's ghost (amateur DrWn)
  3219 | Ossuary  | Killed Liquid's ghost
  3731 | D:4      | Reached skill level 5 in Fighting
  4160 | D:5      | Entered Level 5 of the Dungeon
  4179 | D:5      | Reached **** piety under Lugonu
  4181 | D:5      | Reached XP level 8. HP: 66/68 MP: 10/10
  4220 | D:5      | Noticed Edmund
  4267 | D:5      | Killed Edmund
  4267 | D:5      | Reached skill level 5 in Polearms
  4342 | D:5      | Reached skill level 5 in Dodging
  4557 | D:5      | Noticed Crazy Yiuf
  4570 | D:5      | Killed Crazy Yiuf
  4666 | D:5      | Noticed Sigmund
  4675 | D:5      | Killed Sigmund
  4758 | D:5      | Found a deep blue altar of Sif Muna.
  4779 | D:5      | Identified Sif Muna's Reference Book on Shape Shifting
  4923 | D:5      | Noticed Menkaure
  4927 | D:5      | Killed Menkaure
  4961 | D:5      | Noticed Grinder
  5020 | D:4      | Reached skill level 5 in Invocations
  5041 | D:5      | Killed Grinder
  5041 | D:5      | Reached skill level 6 in Fighting
  5083 | D:5      | Reached XP level 9. HP: 59/75 MP: 12/12
  5201 | D:5      | Noticed Eustachio
  5218 | D:5      | Killed Eustachio
  5381 | D:6      | Found a sacrificial altar of Ru.
  5448 | D:6      | Noticed a cyclops
  5487 | D:6      | Found a staircase to the Ecumenical Temple.
  6056 | D:6      | Reached skill level 7 in Fighting
  6601 | D:7      | Found a stormy altar of Qazlal.
  6657 | D:7      | Reached ***** piety under Lugonu
  6766 | D:7      | Found a shimmering altar of Xom.
  6802 | D:7      | Reached XP level 10. HP: 69/86 MP: 15/15
  6973 | D:7      | Gained mutation: You are weak. (Str -2) [mutagenic meat]
  6974 | D:7      | Gained mutation: You are robust (+10% HP). [mutagenic meat]
  6975 | D:7      | Gained mutation: Your natural rate of healing is unusually fast. [mutagenic meat]
  6977 | D:7      | Gained mutation: You are resistant to hostile enchantments. [mutagenic meat]
  6978 | D:7      | Gained mutation: Your magical capacity is low (-10% MP). [mutagenic meat]
  7428 | D:6      | Got a faintly glowing broad axe {antimagic}
  7430 | D:6      | Identified the +10 broad axe of Utsoc {antimagic, rElec rN+ Str+6} (You took it off an orc priest on level 6 of the Dungeon)
  7452 | D:6      | Killed a cyclops
  7714 | D:8      | Reached skill level 1 in Axes
  7795 | D:8      | Found a white marble altar of Elyvilon.
  7830 | D:8      | Learned a level 8 spell: Necromutation
  7851 | D:8      | Found Himm's Food Shoppe.
  7902 | D:8      | Reached skill level 8 in Fighting
  8108 | D:8      | Found a glowing silver altar of Zin.
  8204 | D:9      | Noticed Psyche
  8213 | D:9      | Killed Psyche
  8240 | D:9      | Found a sparkling altar of Nemelex Xobeh.
  8304 | D:9      | Reached skill level 1 in Shields
  8570 | D:9      | Found a snail-covered altar of Cheibriados.
  8664 | D:9      | Reached XP level 11. HP: 47/104 MP: 5/15
  8886 | D:10     | Entered Level 10 of the Dungeon
  8969 | D:10     | Noticed a centaur warrior
  8974 | D:10     | Noticed a hill giant
  8981 | D:10     | Killed a hill giant
  8985 | D:10     | Killed a centaur warrior
  8992 | D:10     | Noticed an orc knight
  9017 | D:10     | Killed an orc knight
  9017 | D:10     | Reached skill level 10 in Polearms
  9186 | D:10     | Found a portal to a secret trove of treasure.
  9259 | D:10     | Noticed a hill giant
  9268 | D:10     | Killed a hill giant
  9268 | D:10     | Reached ****** piety under Lugonu
  9268 | D:10     | Reached skill level 9 in Fighting
  9277 | D:10     | Found Itahib's Weapon Boutique.
  9278 | D:10     | Noticed a hill giant
  9286 | D:10     | Killed a hill giant
  9341 | D:10     | Found a staircase to the Orcish Mines.
  9479 | D:10     | Killed an unseen horror
  9527 | D:10     | Found a staircase to the Lair.
 10092 | D:11     | You fall through a shaft for 2 floors!
 10104 | D:13     | Noticed a purple ugly thing
 10116 | D:13     | Killed a purple ugly thing
 10289 | D:11     | Noticed a hill giant
 10300 | D:11     | Killed a hill giant
 10441 | D:11     | Noticed a hill giant
 10449 | D:11     | Killed a hill giant
 10449 | D:11     | Reached XP level 12. HP: 110/116 MP: 5/17
 10503 | D:11     | Identified a scroll of acquirement
 10508 | D:11     | Got a pair of distressingly furry gloves
 10519 | D:11     | Identified the +1 pair of gloves of Oblivion {rC- Regen+ Int+2} (You acquired it on level 11 of the Dungeon)
 10576 | D:11     | Reached skill level 5 in Shields
 10880 | D:11     | Reached skill level 10 in Fighting
 10880 | D:11     | Reached skill level 1 in Spellcasting
 11025 | D:11     | Noticed a centaur warrior
 11036 | D:11     | Killed a centaur warrior
 11178 | D:12     | Found Qoej's Food Emporium.
 11361 | Lair:1   | Entered Level 1 of the Lair of Beasts
 11428 | Lair:1   | Reached skill level 10 in Invocations
 11521 | Lair:1   | Noticed Nergalle
 11532 | Lair:1   | Killed Nergalle
 11644 | Lair:1   | Noticed Sonja
 11667 | Lair:1   | Killed Sonja
 11744 | Lair:1   | Learned a level 3 spell: Mephitic Cloud
 11993 | Lair:1   | Identified Docwuole's Almanac of Shifting Execration
 12071 | Lair:1   | Noticed a seven-headed hydra
 12103 | Lair:1   | Killed a seven-headed hydra
 12103 | Lair:1   | Reached skill level 10 in Dodging
 12367 | Lair:2   | Reached skill level 1 in Necromancy
 12959 | Lair:3   | Reached XP level 13. HP: 114/126 MP: 6/18
 12968 | Lair:3   | Found a dark tunnel.
 12989 | Lair:3   | Reached skill level 11 in Fighting
 13063 | Volcano  | Entered a volcano
 13223 | Volcano  | Found a radiant altar of Vehumet.
 13287 | Volcano  | Got a jewelled rapier
 13333 | Volcano  | Identified the +6 rapier "Widowermaker" {pierce, rF+ rN+} (You found it in a volcano)
 13506 | Lair:3   | Reached skill level 5 in Spellcasting
 13599 | Lair:3   | Noticed Gastronok
 13619 | Lair:3   | Killed Gastronok
 14515 | Lair:4   | Found a burning altar of Makhleb.
 14804 | Lair:4   | You fall through a shaft!
 14811 | Lair:5   | Noticed Rupert
 14850 | Lair:4   | Paralysed by Rupert for 2 turns
 14859 | Lair:4   | Killed Rupert
 14859 | Lair:4   | Reached skill level 12 in Fighting
 15023 | Lair:4   | Found a staircase to the Shoals.
 15204 | Lair:5   | Gained mutation: You have acidic saliva. [Yellow Draconian growth]
 15204 | Lair:5   | Reached XP level 14. HP: 118/138 MP: 6/20
 15368 | Lair:5   | Reached skill level 5 in Necromancy
 16169 | Lair:6   | Found a staircase to the Snake Pit.
 17412 | Lair:7   | Noticed Kirke
 17431 | Lair:7   | Killed Kirke
 18144 | Lair:8   | Entered Level 8 of the Lair of Beasts
 18258 | Lair:8   | Noticed bl4d3's ghost (journeyman GrFi)
 18441 | Lair:8   | Killed bl4d3's ghost
 18643 | Lair:8   | Found a staircase to the Slime Pits.
 18648 | Lair:8   | Reached skill level 13 in Fighting
 19003 | Lair:8   | Reached XP level 15. HP: 148/148 MP: 8/24
 19352 | Lair:8   | Found a burning altar of Makhleb.
 19488 | Lair:8   | Found a gateway to Hell.
 19835 | Orc:1    | Entered Level 1 of the Orcish Mines
 20217 | D:12     | Noticed a storm dragon
 21041 | D:12     | Reached skill level 5 in Air Magic
 21062 | D:12     | Found a blossoming altar of Fedhas.
 21522 | D:13     | Found Loczajoh's Gadget Shoppe.
 21541 | D:13     | Bought a legendary deck of wonders for 286 gold pieces
 21543 | D:13     | Hired Itsema the infernal demonspawn for 733 gold.
 21544 | D:13     | Drew Focus: Int increased to 18, Str decreased to 12
 21545 | D:13     | Lost mutation: You are weak. (Str -2) [helix card]
 21545 | D:13     | Lost mutation: Your magical capacity is low (-10% MP). [helix card]
 21865 | D:14     | Your ally Itsema died
 21868 | D:15     | Entered Level 15 of the Dungeon
 21938 | D:15     | Found a frozen archway.
 21953 | D:15     | HP: 4/150 [ice devil (23)]
 22072 | IceCv    | Entered an ice cave
 22280 | IceCv    | Found an ancient bone altar of Kikubaaqudgha.
 22315 | IceCv    | Identified a +2 trident of distortion (a +0 trident of piercing corrupted by Lugonu)
 22315 | IceCv    | Received a gift from Lugonu
 22394 | IceCv    | Fell from the grace of Lugonu
 22394 | IceCv    | Became a worshipper of Kikubaaqudgha
 23020 | D:14     | Reached * piety under Kikubaaqudgha
 23020 | D:14     | Received a gift from Kikubaaqudgha
 23023 | D:14     | Identified Kikubaaqudgha's Handbook of Darkness (Kikubaaqudgha gifted it to you on level 14 of the Dungeon)
 23044 | D:14     | Learned a level 2 spell: Sublimation of Blood
 23058 | D:14     | Learned a level 6 spell: Simulacrum
 23063 | D:14     | Learned a level 4 spell: Control Undead
 23075 | D:14     | Learned a level 3 spell: Ozocubu's Armour
 23084 | D:14     | Gained mutation: You are agile. (Dex +2) [potion of beneficial mutation]
 23273 | D:14     | Reached skill level 14 in Fighting
 23306 | D:14     | Reached skill level 1 in Ice Magic
 23320 | D:14     | Found a gate to the Vaults.
 23330 | D:14     | Reached ** piety under Kikubaaqudgha
 23777 | D:15     | Found a staircase to the Depths.
 23783 | D:15     | Reached XP level 16. HP: 132/160 MP: 9/29
 24429 | D:10     | Learned a level 7 spell: Haunt
 24761 | Orc:1    | Found Zaobes's Gadget Boutique.
 24857 | Orc:2    | Entered Level 2 of the Orcish Mines
 24857 | Orc:2    | Noticed Donald
 24857 | Orc:2    | Noticed Saint Roka
 24946 | Orc:1    | Cast into level 2 of the Abyss (Donald)
 24986 | Abyss:2  | Noticed a hellephant
 25091 | Abyss:2  | Noticed a tentacled starspawn
 25103 | Abyss:2  | Noticed a tentacled starspawn
 25151 | Abyss:2  | Gained mutation: You are dopey. (Int -2) [a neqoxec]
 25188 | Orc:1    | Escaped the Abyss
 25309 | Orc:2    | Noticed Nessos
 25332 | Orc:2    | Found a staircase to the Elven Halls.
 25627 | Orc:2    | Killed Nessos
 25884 | Orc:2    | Reached *** piety under Kikubaaqudgha
 25884 | Orc:2    | Received a gift from Kikubaaqudgha
 25888 | Orc:2    | Identified Kikubaaqudgha's Catalogue of Black Rites (Kikubaaqudgha gifted it to you on level 2 of the Orcish Mines)
 26215 | Orc:1    | Killed Donald
 26565 | Orc:2    | Found Zaufaun's Antique Armour Shoppe.
 26565 | Orc:2    | Found Caxtomuw's Armour Shop.
 26569 | Orc:2    | Found Soduiqirph's Food Shoppe.
 26569 | Orc:2    | Found Ypateh's Gadget Shop.
 26582 | Orc:2    | Bought a +8 rod of clouds (10/10) for 1435 gold pieces
 26870 | Orc:1    | Gained mutation: You are weak. (Str -2) [mutagenic glow]
 27054 | Elf:1    | Entered Level 1 of the Elven Halls
 28201 | Elf:1    | Reached skill level 10 in Spellcasting
 28303 | Elf:1    | Reached **** piety under Kikubaaqudgha
 28392 | Elf:2    | Found Jemumeub's Food Shop.
 28686 | Elf:2    | Cast into level 2 of the Abyss (a deep elf sorcerer)
 28719 | Abyss:2  | Gained mutation: Your flesh is heat resistant. [potion of beneficial mutation]
 28843 | Abyss:2  | Paralysed by accursed screaming for 1 turns
 28847 | Abyss:2  | Reached skill level 5 in Ice Magic
 28962 | Abyss:2  | Noticed a tentacled starspawn
 28971 | Abyss:2  | Paralysed by accursed screaming for 1 turns
 29030 | Abyss:2  | Noticed a tentacled starspawn
 29035 | Abyss:2  | Killed a tentacled starspawn
 29080 | Abyss:2  | Gained mutation: You are very dopey. (Int -4) [mutagenic glow]
 29085 | Abyss:2  | Noticed an Executioner
 29097 | Abyss:2  | HP: 5/161 [Executioner (4)]
 29098 | Abyss:2  | Mangled by an Executioner

Skill      XL: |  1  2  3  4  5  6  7  8  9 10 11 12 13 14 15 16 |
---------------+-------------------------------------------------+-----
Dodging        | 2 3 4 5 6 7 9 10 11 12 13 | 13.3
Fighting       | 3 4 5 6 7 8 9 10 12 13 14 | 14.8
Polearms       | 1 3 4 6 8 9 10 11 12 13 | 13.8
Invocations    | 1 2 3 5 6 8 9 10 | 10.4
Axes           | 1 |  1.9
Shields        | 2 4 5 |  5.1
Spellcasting   | 3 6 7 9 10 | 10.2
Necromancy     | 1 4 6 7 8 |  8.6
Air Magic      | 6 |  6.0
Ice Magic      | 1 5 |  5.0
Staves         | |  2.0
Throwing       | |  1.0
Evocations     | |  1.0

Action                   |  1- 3 |  4- 6 |  7- 9 | 10-12 | 13-15 | 16-18 || total
-------------------------+-------+-------+-------+-------+-------+-------++-------
Melee: Quarterstaff      |   100 |    25 |       |       |       |       ||   125
       Tailslap          |     5 |    33 |    31 |   108 |   316 |   127 ||   620
       Halberd           |       |   208 |   339 |    39 |       |   121 ||   707
       Broad axe         |       |       |       |   646 |  1680 |   570 ||  2896
       Trident           |       |       |       |    15 |   102 |       ||   117
       Bite              |       |       |       |       |   187 |   106 ||   293
 Fire: Blowgun           |       |     1 |     1 |       |       |       ||     2
 Cast: Mephitic Cloud    |       |       |       |       |       |    15 ||    15
       Ozocubu's Armour  |       |       |       |       |       |     1 ||     1
Invok: Bend Space        |       |       |     2 |       |       |       ||     2
       Banish            |       |       |       |       |     3 |       ||     3
       Brand Weapon With |       |       |       |       |     1 |       ||     1
 Abil: Spit Acid         |       |       |    31 |    34 |    26 |    16 ||   107
Evoke: Wand              |       |       |       |     3 |     3 |     8 ||    14
       Deck              |       |       |       |       |     4 |       ||     4
       Rod               |       |       |       |       |     2 |    13 ||    15
  Use: Scroll            |       |     6 |    11 |    20 |    11 |    12 ||    60
       Potion            |       |       |     5 |     2 |    19 |    10 ||    36
 Stab: Sleeping          |     1 |       |     2 |     3 |     5 |       ||    11
       Confused          |       |       |       |       |       |     4 ||     4
       Distracted        |       |       |       |       |       |     1 ||     1
  Eat: Chunk             |       |     8 |    16 |    27 |    28 |    11 ||    90
       Royal jelly       |       |       |     1 |       |     1 |     1 ||     3
       Beef jerky        |       |       |       |     2 |     6 |     1 ||     9
       Pizza             |       |       |       |     3 |     3 |       ||     6
       Bread ration      |       |       |       |     1 |       |       ||     1
       Fruit             |       |       |       |       |     4 |    12 ||    16
Armor: Skin              |    31 |    72 |   136 |   328 |   698 |   234 ||  1499
Dodge: Dodged            |    95 |   158 |   290 |   717 |  1912 |   647 ||  3819
Block: Buckler           |       |       |       |   187 |   690 |   210 ||  1087
